 Dungeon Crawl Stone Soup version 0.32-a0-931-g5a2cda0630 (webtiles) character file.

Game seed: 2011648235582757589

756 XavTav the Trooper (level 7, -1/63 HPs)
             Began as a Minotaur Fighter on Apr 13, 2024.
             Slain by Pikel
             ... wielding a +2 whip of freezing
              (4 damage)
             ... on level 4 of the Dungeon.
             The game lasted 00:06:51 (2680 turns).

XavTav the Trooper (Minotaur Fighter)               Turns: 2680, Time: 00:06:52

Health: -1/63      AC: 11    Str: 29    XL:     7   Next: 50%
Magic:  6/6        EV:  9    Int:  5    God:
Gold:   198        SH:  4    Dex:  9    Spells: 6/6 levels left

rFire   . . .        a - +0 war axe
rCold   . . .        c - +0 buckler
rNeg    . . .        n - +4 scale mail "Utizaxza" {rCorr}
rPois   .            (helmet restricted)
rElec   .            (no cloak)
rCorr   +            (no gloves)
SInv    .            (no boots)
Will    .....        (no amulet) Stlth
                     l - ring of resist corrosion
HPRegen 0.30/turn    p - +6 ring of strength
MPRegen 0.10/turn

%: no passive effects
@: no status effects
A: horns 2, retaliatory headbutt
a: no special abilities


You were on level 4 of the Dungeon.
You visited 1 branch of the dungeon, and saw 4 of its levels.
You also visited: Sewer.

You collected 198 gold pieces.

Inventory:

Hand Weapons
 a - a +0 war axe (weapon)
Missiles
 k - a throwing net
 m - 3 boomerangs (quivered)
 o - 19 stones
 s - 3 poisoned darts
Armour
 b - a +0 scale mail
 c - a +0 buckler (worn)
 f - a +0 chain mail
 n - the +4 scale mail "Utizaxza" (worn) {rCorr}
   (You found it on level 4 of the Dungeon)

   rCorr:     It protects you from acid and corrosion.
Jewellery
 l - a ring of resist corrosion (left hand)
 p - a +6 ring of strength (right hand)
Scrolls
 d - 2 scrolls of identify
Potions
 e - 2 potions of cancellation {unknown}
 g - a potion of lignification {unknown}
 h - a potion of enlightenment {unknown}
 i - a potion of invisibility {unknown}
 j - 4 potions of curing
 q - a potion of haste


   Skills:
 + Level 6.2 Fighting
 + Level 5.5 Axes
 + Level 6.1 Armour
 + Level 6.1 Shields


You had 6 spell levels left.
You didn't know any spells.
Your spell library contained the following spells:

 Spells                   Type           Power      Damage    Failure   Level
 Ensorcelled Hibernation  Hex/Ice        0%         N/A       88%         2
 Fugue of the Fallen      Necr           0%         N/A       98%         3
 Anguish                  Hex/Necr       0%         N/A       100%        4


Dungeon Overview and Level Annotations

Branches:
Dungeon (4/15)              Sewer (visited)
 Temple: D:4-7

Altars:

Annotations:
D:4 Pikel


Innate Abilities, Weirdness & Mutations

You have a pair of horns on your head.
You reflexively headbutt those who attack you in melee.


Message History

You furiously retaliate!
You headbutt the lemure.
A hobgoblin comes into view.
The lemure hits you but does no damage. What are your orders? t - Shout!
Orders for allies: a - Attack new target. r - Retreat! s - Stop attacking. g - Guard the area. f - Follow me.
Anything else - Cancel.
You shout for attention!
Pikel hits you with a +2 whip of freezing.
Pikel freezes you. The lemure barely misses you. You block the lemure's attack.
The lemure hits you.
* * * LOW HITPOINT WARNING * * *
You block the lemure's attack.
A ball python comes into view.
What are your orders? t - Shout!
Orders for allies: a - Attack new target. r - Retreat! s - Stop attacking. g - Guard the area. f - Follow me.
Anything else - Cancel.
You shout for attention!
The ball python hisses angrily.
Pikel hits you with a +2 whip of freezing.
* * * LOW HITPOINT WARNING * * *
Pikel freezes you.
* * * LOW HITPOINT WARNING * * *
The lemure hits you!
* * * LOW HITPOINT WARNING * * *
The lemure hits you but does no damage. x2; The lemure completely misses you.
What are your orders? t - Shout!
Orders for allies: a - Attack new target. r - Retreat! s - Stop attacking. g - Guard the area. f - Follow me.
Anything else - Cancel.
You shout for attention!
Pikel hits you with a +2 whip of freezing.
You die...
Pikel says, "Another soul for the market."

##.## #.#.####.#
#.#~~~#.# #... ..#
# #.#####.#####.#
######### .
#.....#.......# .#
.##$#.......#..####
...#
....#.........##
.....
.............##
.....
.............#
.....
......K5.....#
...#. #)..5@.....#
.... #...55..gS.#
...# ##.###.###.#
... # ..# #... ...
#.## ##### .. .. ##
.## .. ## .


You could see Pikel, 4 lemures, a hobgoblin and a ball python.

Vanquished Creatures
  Grinder (D:3)
  Pargi (Sewer)
  A brain worm (Sewer)
  2 scorpions (D:4)
  A hound (D:4)
  An iguana (D:4)
  An orc wizard (D:4)
  9 adders
  A dart slug (D:3)
  3 ribbon worms
  7 orcs
  7 endoplasms
  2 giant cockroaches
  13 goblins
  9 hobgoblins
  7 jackals
  4 quokkas
  4 ball pythons
  9 bats
  5 frilled lizards
  10 kobolds
  5 rats
  A spectral kobold (D:3)
104 creatures vanquished.

Notes
Turn   | Place    | Note
-------+----------+-------------------------------------------
     0 | D:1      | XavTav the Minotaur Fighter began the quest for the Orb.
     0 | D:1      | Reached XP level 1. HP: 19/19 MP: 0/0
   155 | D:1      | Reached XP level 2. HP: 27/27 MP: 1/1
   627 | D:2      | Reached XP level 3. HP: 33/33 MP: 2/2
  1257 | D:3      | Reached XP level 4. HP: 40/40 MP: 3/3
  1464 | D:3      | Noticed Grinder
  1484 | D:3      | Paralysed by Grinder for 4 turns
  1492 | D:3      | Killed Grinder
  1493 | D:3      | Reached skill level 5 in Fighting
  1493 | D:3      | Reached skill level 5 in Armour
  1493 | D:3      | Reached skill level 5 in Shields
  1493 | D:3      | Reached XP level 5. HP: 22/48 MP: 4/4
  1493 | D:3      | Reached XP level 6. HP: 26/56 MP: 5/5
  1877 | D:3      | Found a faded altar of an unknown god.
  2204 | D:4      | Identified the +4 scale mail "Utizaxza" {rCorr}
  2417 | D:4      | Found a glowing drain.
  2443 | Sewer    | Entered a sewer
  2473 | Sewer    | Reached skill level 5 in Axes
  2473 | Sewer    | Reached XP level 7. HP: 53/62 MP: 3/6
  2479 | Sewer    | Noticed Pargi
  2498 | Sewer    | Killed Pargi
  2664 | D:4      | Noticed Pikel
  2679 | D:4      | HP: 2/63 [lemure[Pikel] (7)]
  2680 | D:4      | Slain by Pikel

Illustrated notes

Levels and vault maps discovered:
D:1:      tarquinn_simple_flora_water_f, layout_basic, minmay_tree_intersection
D:2:      layout_basic
D:3:      layout_basic, dreamdust_ecumenical_altar_drowned_temple,
          minmay_misc_feat_roman, grunt_ministairs_7,
          chequers_serial_rivers_room_a, lexackson_kobold_supper, uniq_grinder
D:4:      layout_basic, gup_sewer_entry_glass, minmay_stone_trees_small,
          uniq_pikel

Skill      XL: |  1  2  3  4  5  6  7 |
---------------+----------------------+-----
Armour         | 4 5 6 |  6.1
Shields        | 4 5 6 |  6.1
Fighting       | 4 5 6 |  6.2
Axes           | 3 4 5 |  5.5

Action                     |  1- 3 |  4- 6 |  7- 9 || total
---------------------------+-------+-------+-------++-------
  Melee: War axe           |    73 |   123 |    18 ||   214
         Headbutt          |     9 |    16 |     4 ||    29
  Throw: Stone             |    22 |    35 |       ||    57
         Boomerang         |       |     1 |     2 ||     3
    Use: Scroll            |     1 |     1 |     1 ||     3
         Potion            |       |     1 |       ||     1
 Armour: Scale mail        |     7 |    35 |    57 ||    99
         Chain mail        |    54 |    85 |       ||   139
  Dodge: Dodged            |    44 |    69 |    25 ||   138
  Block: Buckler           |    18 |    32 |    21 ||    71

Table legend: (Time is in decaauts)
 A = Elapsed time spent in this place.
 B = Non-inter-level travel time spent in this place.
 C = Inter-level travel time spent in this place.
 D = Time resting spent in this place.
 E = Time spent auto-exploring this place.
 F = Levels seen in this place.
 G = Mean time per level.
                   A        B        C        D        E       F      G
               +--------+--------+--------+--------+--------+-----+--------+
         Total |   2764 |   2681 |     83 |    167 |   1704 |   5 |  552.8 |
       Dungeon |   2569 |   2486 |     83 |     83 |   1681 |   4 |  642.2 |
         Sewer |    194 |    194 |      0 |     84 |     23 |   1 |  194.0 |
               +--------+--------+--------+--------+--------+-----+--------+

Top non-repeatable levels by time:
     D:3: 934 daAuts
     D:2: 670 daAuts
     D:1: 586 daAuts
     D:4: 378 daAuts
   Sewer: 194 daAuts
